[Event "45th FIDE Olympiad 2024"]
[Site "Budapest"]
[Date "2024.09.16"]
[Round "6"]
[White "Shaker, Musab"]
[Black "Garcia Fuentes, Sergio Miguel"]
[Result "0-1"]
[WhiteElo "1757"]
[BlackElo "2114"]
[PlyCount "66"]
[EventDate "2024.09.05"]
[EventType "team-tourn"]
[EventCountry "HUN"]
[WhiteTeam "Bahrain"]
[BlackTeam "Guatemala"]
[WhiteTeamCountry "BHN"]
[BlackTeamCountry "GUA"]
[TimeControl "40/5400+30:1800+30"]

1. d4 d5 2. c4 e6 3. Nc3 Nf6 4. cxd5 exd5 5. Bg5 c6 6. Qc2 Bd6 7. e3 O-O 8. Bd3 h6 9. Bh4 a5 10. Nf3 Re8 11. h3 g5 12. Bxg5 hxg5 13. Nxg5 Qe7 14. O-O-O Na6 15. Qe2 Nb4 16. Bb1 Ne4 17. Ncxe4 dxe4 18. Qh5 Bf5 19. Kd2 Bg6 20. Qg4 f5 21. Qh4 Kg7 22. Nf3 exf3 23. Qxe7+ Bxe7 24. gxf3 Bh4 25. Rh2 Rad8 26. Rg2 Kf6 27. Rdg1 Rg8 28. e4 Bf7 29. e5+ Ke6 30. a3 Nd5 31. Rg7 Bxf2 32. Bxf5+ Ke7 33. R1g2 Bxd4 {0-} 0-1

[Event "45th FIDE Olympiad 2024"]
[Site "Budapest"]
[Date "2024.09.16"]
[Round "6.1"]
[White "Ding, Liren"]
[Black "Le, Quang Liem"]
[Result "0-1"]
[ECO "A34"]
[WhiteElo "2736"]
[BlackElo "2741"]
[Annotator "TA"]
[PlyCount "124"]
[EventDate "2024.09.05"]
[EventType "team-tourn"]
[EventCountry "HUN"]
[SourceTitle "playchess.com"]
[Source "ChessBase"]
[SourceQuality "1"]
[WhiteTeam "China"]
[BlackTeam "Vietnam"]
[WhiteTeamCountry "CHN"]
[BlackTeamCountry "VIE"]
[TimeControl "40/5400+30:1800+30"]

1. c4 c5 2. Nf3 Nc6 3. Nc3 Nf6 4. g3 d5 5. cxd5 Nxd5 6. Bg2 g6 7. h4 {[%emt 0:05:40] The modern move. A34: Symmetrical English: 2 Nc3, lines with ...d5.} Bg7 8. h5 Bf5 9. h6 Bf6 10. O-O O-O 11. Nh2 Nb6 12. a4 Na5 13. Ne4 Bxe4 14. Bxe4 c4 15. d3 Rc8 16. Rb1 $146 ({Predecessor:} 16. Ra3 e6 17. dxc4 Qxd1 18. Rxd1 Rxc4 19. Ng4 Bh8 20. Bf3 f5 21. Ne3 Rxc1 22. Rxc1 Bxb2 {½-½ Ding,L (2808)-So,W (2773) Chess.com Rapid Losers 2022 (4.2)}) 16... Qd7 17. dxc4 Rxc4 18. Qxd7 $1 Nxd7 19. Bf3 Rxa4 20. Ng4 Nb3 21. Rd1 Ne5 22. Nxe5 (22. Nxf6+ exf6 23. Be3 (23. Bxb7 Rb4 $14) 23... Nc4) 22... Bxe5 23. Bg5 Nd4 (23... e6 $11) 24. Bxb7 (24. Bxe7 $14 Re8 25. Bc5) 24... Rb8 $11 25. Bf3 f6 (25... Nxf3+ 26. exf3 Bd6 27. Kg2) 26. Be3 Nxf3+ 27. exf3 Bd6 28. Ra1 Rxa1 29. Rxa1 Rxb2 30. Rxa7 g5 31. Ra8+ Kf7 32. f4 gxf4 33. gxf4 Kg6 (33... f5 $15) 34. Rg8+ (34. f5+ $1 $11 Kxf5 35. Rh8) 34... Kxh6 $15 35. f5+ Kh5 36. Rg7 Rb5 37. Rxh7+ Kg4 38. Kg2 Rb2 (38... Rxf5 $2 {too greedy.} 39. f3+ Rxf3 40. Rg7+ Kf5 41. Kxf3 $18) 39. Rh8 Kxf5 40. Bc5 Rb7 (40... Bxc5 $5 41. Rh5+ $8 Kf4 42. Rxc5 e5 $11) 41. Bxd6 exd6 42. Rd8 Ke6 43. Re8+ Re7 44. Ra8 {[%emt 0:02:23] [#]} (44. Rd8 $1 $15) 44... d5 $1 $17 45. Kf3 Ke5 46. Ra1 $2 (46. Ra6 $17 {is more resistant.}) 46... Re6 $2 ({Black should try} 46... Rc7 $19 {Strongly threatening ...Rc3+.} 47. Re1+ Kd6) 47. Ra4 $2 {[%emt 0:10:32][%mdl 8192] [#]} ({Better is} 47. Re1+ $15 Kd6 48. Ra1) 47... Rb6 $1 $19 48. Ke2 $2 (48. Ra3 Kd4 49. Ke2) 48... d4 $19 49. f3 f5 50. Ra5+ Kf4 51. Rd5 Rb2+ 52. Ke1 Rh2 ({And not} 52... Kxf3 53. Rxf5+ Ke3 54. Kd1 $11) 53. Kf1 Kxf3 54. Rxf5+ Ke3 55. Re5+ Kd2 56. Ra5 Rh1+ 57. Kf2 d3 58. Ra8 Rh7 59. Ra2+ Kc3 60. Ra3+ Kc2 61. Ra2+ Kb3 62. Ra8 Re7 0-1

[Event "45th FIDE Olympiad 2024"]
[Site "Budapest"]
[Date "2024.09.16"]
[Round "6.1"]
[White "Anquandah, Francis Eric"]
[Black "Pace, Colin"]
[Result "0-1"]
[WhiteElo "1941"]
[BlackElo "2186"]
[PlyCount "98"]
[EventDate "2024.09.05"]
[EventType "team-tourn"]
[EventCountry "HUN"]
[WhiteTeam "Ghana"]
[BlackTeam "Malta"]
[WhiteTeamCountry "GHA"]
[BlackTeamCountry "MLT"]
[TimeControl "40/5400+30:1800+30"]

1. e4 c5 2. Nf3 Nc6 3. d4 cxd4 4. Nxd4 g6 5. Nxc6 bxc6 6. Qd4 Nf6 7. e5 Nd5 8. Bc4 Qb6 9. Qxb6 Nxb6 10. Bd3 Bg7 11. f4 O-O 12. O-O d6 13. exd6 exd6 14. c3 Nd7 15. Be3 Re8 16. Kf2 Nf6 17. h3 Nd5 18. Bc1 Bh6 19. g3 Bg7 20. Rh1 Be6 21. Nd2 Nxc3 22. bxc3 Bxc3 23. Rb1 Bxa2 24. Rb7 Bd4+ 25. Kg2 Bd5+ 26. Nf3 a5 27. Rd1 c5 28. Rd7 Bb3 29. Re1 Rxe1 30. Nxe1 a4 31. Ba3 Re8 32. Kf1 Be6 33. Rxd6 Bxh3+ 34. Ng2 Re3 35. Rd5 Rf3+ 36. Ke2 Bxg2 37. Rd8+ Kg7 38. Rc8 Rxg3 39. Bxc5 Bxc5 40. Rxc5 Bf1+ 41. Kxf1 Rxd3 42. Ke2 Rb3 43. Ra5 a3 44. Kd2 h5 45. Kc2 Rf3 46. Ra4 h4 47. f5 h3 48. Rg4 Rf2+ 49. Kb1 h2 {0-} 0-1

[Event "45th FIDE Olympiad 2024"]
[Site "Budapest"]
[Date "2024.09.16"]
[Round "6.2"]
[White "Nguyen, Ngoc Truong Son"]
[Black "Wei, Yi"]
[Result "1/2-1/2"]
[ECO "D36"]
[WhiteElo "2633"]
[BlackElo "2762"]
[Annotator "TA"]
[PlyCount "29"]
[EventDate "2024.09.05"]
[EventType "team-tourn"]
[EventCountry "HUN"]
[SourceTitle "playchess.com"]
[Source "ChessBase"]
[SourceQuality "1"]
[WhiteTeam "Vietnam"]
[BlackTeam "China"]
[WhiteTeamCountry "VIE"]
[BlackTeamCountry "CHN"]
[TimeControl "40/5400+30:1800+30"]

1. d4 Nf6 2. c4 e6 3. Nf3 d5 4. Nc3 c6 5. cxd5 exd5 6. Qc2 g6 7. Bg5 Be7 8. e3 Bf5 9. Bd3 Bxd3 10. Qxd3 Nbd7 11. Bh6 Ng4 12. Bf4 Ngf6 13. Bh6 {[%emt 0:03:06] The position is equal.} Ng4 14. Bf4 Ngf6 15. Bh6 {[%emt 0:00:06] A rather calm draw.   Weighted Error Value: White=0.00 (flawless) /Black=0.00 (flawless) .  OK:         	White=2     	---} 1/2-1/2

[Event "45th FIDE Olympiad 2024"]
[Site "Budapest"]
[Date "2024.09.16"]
[Round "6.2"]
[White "Darmanin, Jake"]
[Black "Anhwere, Bernard"]
[Result "1/2-1/2"]
[WhiteElo "2119"]
[BlackElo "1893"]
[PlyCount "112"]
[EventDate "2024.09.05"]
[EventType "team-tourn"]
[EventCountry "HUN"]
[WhiteTeam "Malta"]
[BlackTeam "Ghana"]
[WhiteTeamCountry "MLT"]
[BlackTeamCountry "GHA"]
[TimeControl "40/5400+30:1800+30"]

1. e4 c5 2. Nf3 d6 3. c3 Nf6 4. h3 g6 5. Bd3 Bg7 6. Bc2 O-O 7. O-O e5 8. d3 h6 9. Nbd2 Be6 10. Qe2 Nc6 11. Rd1 b5 12. Nf1 a6 13. Ng3 Qc7 14. Be3 Nd7 15. Qd2 Kh7 16. Rac1 Nb6 17. Bb1 Qe7 18. b3 b4 19. cxb4 Nxb4 20. a3 Nc6 21. b4 Nd4 22. Bxd4 cxd4 23. Rc6 Na4 24. Ne2 Qd7 25. Rcc1 f6 26. Ba2 Bxa2 27. Qxa2 Rfc8 28. Qb3 h5 29. Nd2 Bh6 30. Rxc8 Rxc8 31. Nc4 Bf8 32. f4 Rc7 33. Rf1 Kg7 34. Rf3 Qb5 35. h4 Nc5 36. Qd1 Nxe4 37. fxe5 dxe5 38. Qf1 Rxc4 39. dxc4 Qxc4 40. Ng3 Qxf1+ 41. Nxf1 Nc3 42. Kf2 e4 43. Rxc3 dxc3 44. Ne3 a5 45. bxa5 Bxa3 46. a6 Bc5 47. Ke2 Kf7 48. Nd5 Ke6 49. Nxc3 Ke5 50. g3 g5 51. hxg5 fxg5 52. Nd1 h4 53. gxh4 gxh4 54. Nf2 Kf5 55. Kf1 e3 56. Nd1 Kf4 1/2-1/2

[Event "45th FIDE Olympiad 2024"]
[Site "Budapest"]
[Date "2024.09.16"]
[Round "6.3"]
[White "Yu, Yangyi"]
[Black "Le, Tuan Minh"]
[Result "1/2-1/2"]
[ECO "D45"]
[WhiteElo "2703"]
[BlackElo "2564"]
[Annotator "TA"]
[PlyCount "104"]
[EventDate "2024.09.05"]
[EventType "team-tourn"]
[EventCountry "HUN"]
[SourceTitle "playchess.com"]
[Source "ChessBase"]
[SourceQuality "1"]
[WhiteTeam "China"]
[BlackTeam "Vietnam"]
[WhiteTeamCountry "CHN"]
[BlackTeamCountry "VIE"]
[TimeControl "40/5400+30:1800+30"]

1. c4 c6 2. Nf3 Nf6 3. d4 d5 4. Nc3 e6 5. e3 a6 6. b3 Bb4 7. Bd2 Nbd7 8. Bd3 O-O 9. O-O {[%emt 0:00:06] D45: Semi-Slav: 5 e3.} Bd6 10. Rc1 Re8 11. h3 e5 12. dxe5 Nxe5 13. Nxe5 Bxe5 14. cxd5 Bb8 15. Qf3 cxd5 16. Rfd1 Qd6 17. Qf4 Qe7 18. Qh4 Qe5 19. f4 $146 ({Predecessor:} 19. g3 Bf5 20. Be1 Ba7 21. Bxf5 Qxf5 22. g4 Qf3 23. g5 {½-½ Maekelae,A (2316)-Csiba,T (2441) WS TT/6/21/1 email 2021}) 19... Qd6 20. Be1 h6 (20... Rxe3 $2 {too greedy.} 21. Nxd5 Rxe1+ 22. Qxe1 Ba7+ 23. Kh1 Bxh3 24. Nxf6+ Qxf6 25. gxh3 $18) 21. Bf2 Bd7 22. Bb1 Qe6 23. Re1 Bc6 24. Ne2 Ba7 25. Nd4 Bxd4 26. f5 Qd7 27. exd4 Rxe1+ 28. Rxe1 Re8 29. Re5 Ne4 30. Bxe4 dxe4 31. f6 (31. Rxe8+ Qxe8 32. Be3 f6 $15) 31... Rxe5 32. dxe5 Qd2 33. Qg4 Qg5 34. Qxg5 hxg5 35. Be3 g4 36. h4 g6 37. Kf2 Kf8 38. Kg3 Bd7 $1 39. Kf4 Ke8 40. g3 Be6 41. Kxe4 Kd7 42. Kd4 Kc6 43. Bh6 Kb5 44. Bf8 Kc6 45. Be7 Kb5 46. a4+ Kc6 47. b4 Bf5 48. a5 Be6 49. Bf8 Kb5 50. Be7 Kc6 51. Bf8 Kb5 52. Be7 Kc6 1/2-1/2

[Event "45th FIDE Olympiad 2024"]
[Site "Budapest"]
[Date "2024.09.16"]
[Round "6.3"]
[White "Fomevor, Cephas Clinton"]
[Black "Novak, Attila Robert"]
[Result "0-1"]
[WhiteElo "1873"]
[BlackElo "2135"]
[PlyCount "66"]
[EventDate "2024.09.05"]
[EventType "team-tourn"]
[EventCountry "HUN"]
[WhiteTeam "Ghana"]
[BlackTeam "Malta"]
[WhiteTeamCountry "GHA"]
[BlackTeamCountry "MLT"]
[TimeControl "40/5400+30:1800+30"]

1. d4 d5 2. c4 dxc4 3. e3 a6 4. Bxc4 e6 5. Nf3 c5 6. O-O Nf6 7. Qc2 b5 8. Be2 Nbd7 9. Rd1 Bb7 10. a3 Rc8 11. dxc5 Bxc5 12. Qd2 Ne4 13. Qe1 Qf6 14. Nbd2 Nb6 15. Nb3 Be7 16. Nbd4 O-O 17. Nd2 e5 18. N4f3 Na4 19. Bd3 Nec5 20. Bc2 Rfd8 21. e4 Nd3 22. Bxd3 Rxd3 23. Qe2 Rcd8 24. Ne1 R3d7 25. Nc2 Nc5 26. Rf1 Qg6 27. f3 Bg5 28. Ne3 Qb6 29. Kh1 Nd3 30. Nd5 Bxd5 31. Nc4 Bxc4 32. Bxg5 f6 33. Be3 Qe6 {0-} 0-1

[Event "45th FIDE Olympiad 2024"]
[Site "Budapest"]
[Date "2024.09.16"]
[Round "6.4"]
[White "Tran, Tuan Minh"]
[Black "Wang, Yue"]
[Result "0-1"]
[ECO "D38"]
[WhiteElo "2434"]
[BlackElo "2637"]
[Annotator "TA"]
[PlyCount "70"]
[EventDate "2024.09.05"]
[EventType "team-tourn"]
[EventCountry "HUN"]
[SourceTitle "playchess.com"]
[Source "ChessBase"]
[SourceQuality "1"]
[WhiteTeam "Vietnam"]
[BlackTeam "China"]
[WhiteTeamCountry "VIE"]
[BlackTeamCountry "CHN"]
[TimeControl "40/5400+30:1800+30"]

1. d4 Nf6 2. c4 e6 3. Nf3 d5 4. Nc3 Bb4 5. Bg5 h6 6. Bxf6 Qxf6 7. Qa4+ Nc6 8. e3 O-O 9. Bd3 dxc4 10. Bxc4 Rd8 {[%emt 0:03:31] The position is equal.} 11. O-O Bxc3 12. bxc3 Bd7 {[%emt 0:00:06][%cal Oc6d4] ...Nxd4! would now be deadly.} 13. Qc2 Na5 14. Bd3 c5 15. Ne5 (15. dxc5 Qe7 $15) 15... Be8 16. f4 Nc6 17. Qb2 (17. dxc5 $2 Nxe5 18. fxe5 Qxe5 19. Bh7+ Kh8 $19) 17... Qe7 18. Rae1 Rac8 19. Ng4 f5 20. Nf2 Qc7 21. Bb1 Na5 22. g4 (22. d5 $11 {keeps the balance.}) 22... Nc4 23. Qe2 Nd6 {[%emt 0:00:54] Black is more active.} 24. Bd3 (24. Rc1 $15) 24... Qa5 (24... cxd4 $17 25. cxd4 Qa5) 25. Rc1 $15 cxd4 26. exd4 Bf7 $36 {[%emt 0:06:03][%mdl 2048] Black is more active.} (26... Qd5 {keeps more tension.} 27. Rfe1 Bd7 28. Nd1 fxg4 29. Qxg4 e5) 27. c4 Ne8 28. gxf5 exf5 29. d5 Nd6 30. Qe5 {[%emt 0:01:13] [#]} (30. Qe3 $17 {was worth a try.} b6 (30... Qxa2 31. c5 $15) 31. Qd4) 30... Qc5 $1 $19 ({Weaker is} 30... Qxa2 31. c5 Ne4 32. Bxe4 fxe4 33. d6 $11) 31. Qb2 Re8 ({Not} 31... b5 32. cxb5 Qxd5 33. Rxc8 Rxc8 34. Qe5 $17) 32. Kh1 (32. Qb1 {might work better.}) 32... Bh5 33. Nd1 b5 34. Qg2 $2 (34. Qf2) 34... bxc4 {[%emt 0:01:19] [#] And now ...Bf7 would win.} 35. Nb2 Qd4 {[%emt 0:00:39] Weighted Error Value: White=0.40/Black=0.06 (flawless) .  Mistake:       	White=5     	Black=1      Inaccurate:     	White=2     	---        OK:         	White=9     	Black=15} 0-1

[Event "45th FIDE Olympiad 2024"]
[Site "Budapest"]
[Date "2024.09.16"]
[Round "6.4"]
[White "Mizzi, Jack"]
[Black "Frempong-Smart, Daniel"]
[Result "1/2-1/2"]
[WhiteElo "2053"]
[BlackElo "1863"]
[PlyCount "154"]
[EventDate "2024.09.05"]
[EventType "team-tourn"]
[EventCountry "HUN"]
[WhiteTeam "Malta"]
[BlackTeam "Ghana"]
[WhiteTeamCountry "MLT"]
[BlackTeamCountry "GHA"]
[TimeControl "40/5400+30:1800+30"]

1. d4 d5 2. c4 c6 3. Nf3 Nf6 4. Nc3 a6 5. e3 b5 6. b3 Bg4 7. Be2 e6 8. Bd2 Bd6 9. Qc2 Nbd7 10. h3 Bf5 11. Bd3 b4 12. Na4 Ne4 13. c5 Nxd2 14. Qxd2 Bxd3 15. cxd6 Bb5 16. Nc5 a5 17. a4 Nxc5 18. dxc5 Ba6 19. Ne5 Bb7 20. O-O f6 21. Nf3 O-O 22. Rfe1 e5 23. e4 d4 24. Nh4 g6 25. f4 Qd7 26. fxe5 fxe5 27. Qg5 Qg7 28. Nf3 Rae8 29. Rad1 Bc8 30. Qg3 Qf6 31. Kh2 Qf4 32. Qxf4 Rxf4 33. Kg3 Rf6 34. h4 h6 35. Rf1 Kg7 36. Nh2 Ref8 37. Rxf6 Rxf6 38. Nf3 Rf4 39. Nxe5 Rxe4 40. d7 Re3+ 41. Kh2 Bxd7 42. Nxd7 Rxb3 43. Rxd4 Ra3 44. Ne5 b3 45. Rd7+ Kf6 46. Nxc6 Rxa4 47. Rb7 Rxh4+ 48. Kg3 Rc4 49. Nxa5 Rxc5 50. Nxb3 Rc3+ 51. Kh2 Rc6 52. Nd4 Rd6 53. Nf3 h5 54. Rb5 Ra6 55. Rc5 Rb6 56. Nd4 Ra6 57. Rc6+ Rxc6 58. Nxc6 g5 59. Kg3 Kf5 60. Nd4+ Ke4 61. Nf3 Kf5 62. Kf2 Kf4 63. Nd4 h4 64. Ne2+ Ke4 65. Kg1 Ke3 66. Nc3 g4 67. Kh2 Kf4 68. Nd5+ Ke5 69. Ne3 Kf4 70. Nf1 Ke4 71. Nd2+ Kf4 72. Nc4 Ke4 73. Kg1 Kd4 74. Nd2 Kd3 75. Nb3 Ke3 76. Na5 Kf4 77. Nc4 h3 1/2-1/2

[Event "45th FIDE Olympiad 2024"]
[Site "Budapest"]
[Date "2024.09.16"]
[Round "6.5"]
[White "Rapport, Richard"]
[Black "Gukesh, D."]
[Result "1/2-1/2"]
[ECO "C67"]
[WhiteElo "2715"]
[BlackElo "2764"]
[Annotator "TA"]
[PlyCount "87"]
[EventDate "2024.09.05"]
[EventType "team-tourn"]
[EventCountry "HUN"]
[SourceTitle "playchess.com"]
[Source "ChessBase"]
[SourceQuality "1"]
[WhiteTeam "Hungary"]
[BlackTeam "India"]
[WhiteTeamCountry "HUN"]
[BlackTeamCountry "IND"]
[TimeControl "40/5400+30:1800+30"]

1. e4 e5 2. Nf3 Nc6 3. Bb5 Nf6 4. O-O Nxe4 5. Re1 Nd6 6. Nxe5 Be7 7. Bf1 Nxe5 8. Rxe5 O-O 9. Nc3 {[%emt 0:03:01] C67: Ruy Lopez: Berlin Defence: 4 0-0 Nxe4.} Bf6 10. Re1 Re8 11. Nd5 Rxe1 12. Nxf6+ Qxf6 13. Qxe1 b6 14. d3 Bb7 15. Qb4 c5 16. Qf4 Qxf4 17. Bxf4 Nf5 18. f3 f6 19. Kf2 g5 $146 ({Predecessor:} 19... Kf7 20. c3 Bd5 21. a4 g5 22. Bd2 a5 23. g4 Ne7 24. f4 h6 25. h3 Ng6 {½-½ Vokhidov,S (2536)-Niemann,H (2656) Sharjah Masters 5th 2022 (3)}) 20. Bd2 h5 21. c3 Kf7 22. Be2 Bd5 23. Bd1 Ng7 24. Ba4 Rd8 25. Bc2 h4 26. a4 Ne6 27. a5 b5 28. a6 Rb8 29. Ra5 d6 30. b4 f5 31. bxc5 dxc5 32. c4 Bc6 33. cxb5 Rxb5 34. Rxb5 Bxb5 35. Bb3 f4 36. g3 fxg3+ (36... Bxd3 37. Bxe6+ Kxe6 38. gxh4) 37. hxg3 Bxd3 38. Be3 hxg3+ (38... Bxa6 39. Bxc5 Bb7 40. gxh4 $14 (40. Bxe6+ Kxe6 41. Bxa7 Ke7 $11)) (38... c4 {keeps more tension.} 39. Ba4 h3 40. Bxa7 c3) 39. Kxg3 Kf6 (39... Bxa6 40. Bxc5 (40. Bxe6+ Kxe6 41. Bxc5 Bc8 $16) 40... Bc8 41. Bxa7 $16) 40. Bxe6 Kxe6 41. Bxc5 Bxa6 42. f4 gxf4+ 43. Kxf4 Kd5 44. Bxa7 1/2-1/2

[Event "45th FIDE Olympiad 2024"]
[Site "Budapest"]
[Date "2024.09.16"]
[Round "6.5"]
[White "Asante, Debesai Zerabruk"]
[Black "Isaakidis, Alexandros"]
[Result "0-1"]
[WhiteElo "1908"]
[BlackElo "2155"]
[PlyCount "92"]
[EventDate "2024.09.05"]
[EventType "team-tourn"]
[EventCountry "HUN"]
[WhiteTeam "Eritrea"]
[BlackTeam "Cyprus"]
[WhiteTeamCountry "ERI"]
[BlackTeamCountry "CYP"]
[TimeControl "40/5400+30:1800+30"]

1. e4 c6 2. d4 d5 3. Nc3 dxe4 4. Nxe4 Nf6 5. Nxf6+ exf6 6. Nf3 Bd6 7. Be2 O-O 8. O-O Re8 9. h3 Nd7 10. c4 f5 11. Qc2 Nf6 12. Bg5 h6 13. Bxf6 Qxf6 14. Rad1 g5 15. c5 Bc7 16. Nh2 Be6 17. Bc4 Rad8 18. Qc3 Bxc4 19. Qxc4 Re4 20. Qb3 b6 21. cxb6 Bxb6 22. d5 cxd5 23. Rxd5 Rxd5 24. Qxd5 Re2 25. b4 Qe6 26. Qd3 Rxa2 27. Nf3 Qe2 28. Qxe2 Rxe2 29. Rc1 Rxf2 30. Kh2 Rb2 31. Rc4 f4 32. Re4 f6 33. Rc4 h5 34. Re4 f5 35. Re5 Bf2 36. Rxf5 Bg3+ 37. Kh1 Rb1+ 38. Ng1 Bf2 39. Rxg5+ Kh7 40. Rf5 h4 41. Rxf4 Rxg1+ 42. Kh2 Bg3+ 43. Kxg1 Bxf4 44. b5 Kg6 45. Kf2 Kf5 46. Kf3 Bg3 {0-} 0-1

[Event "45th FIDE Olympiad 2024"]
[Site "Budapest"]
[Date "2024.09.16"]
[Round "6.6"]
[White "Praggnanandhaa, R."]
[Black "Leko, Peter"]
[Result "1/2-1/2"]
[ECO "C54"]
[WhiteElo "2750"]
[BlackElo "2666"]
[Annotator "TA"]
[PlyCount "89"]
[EventDate "2024.09.05"]
[EventType "team-tourn"]
[EventCountry "HUN"]
[SourceTitle "playchess.com"]
[Source "ChessBase"]
[SourceQuality "1"]
[WhiteTeam "India"]
[BlackTeam "Hungary"]
[WhiteTeamCountry "IND"]
[BlackTeamCountry "HUN"]
[TimeControl "40/5400+30:1800+30"]

1. e4 e5 2. Nf3 Nc6 3. Bc4 Bc5 4. d3 Nf6 5. Bg5 h6 6. Bh4 d6 7. c3 a5 {[%emt 0:00:14] C54: Giuoco Piano: 4 c3 Nf6, main lines with 5 d4 and 5 d3.} 8. O-O g5 {[%emt 0:00:54] 8...Ba7 injects fresh life into this line.} 9. Bg3 O-O 10. Na3 $146 ({Predecessor:} 10. Nbd2 Ba7 11. Kh1 Bg4 12. h3 Bh5 13. a3 Ne7 14. Bh2 g4 15. hxg4 Nxg4 16. Bg3 {½-½ Firouzja,A (2777)-So,W (2753) Chess.com Speed Chess blitz 2023 (2.31)}) 10... Bxa3 11. bxa3 Bg4 12. Re1 Kg7 13. Rb1 Rb8 14. d4 Nh5 15. Re3 Nf4 16. h3 Bh5 17. Qd2 Qf6 18. Kh2 b6 19. Bb5 Nd8 20. Ne1 Nde6 21. Nc2 Bg6 22. f3 h5 23. Rf1 h4 24. Bf2 Nh5 25. Kg1 Kh7 26. Rd1 Rbd8 27. Ree1 Nhf4 28. Ne3 Qg7 29. Qb2 f6 30. Rd2 Qe7 31. Red1 Kh8 32. Qb3 Qh7 33. Bc4 Rde8 34. Qb5 Re7 35. Bf1 Be8 36. Qb2 Bg6 37. Re1 Ree8 38. Qc1 Re7 39. Qd1 Ree8 40. Qa1 Re7 41. Qc1 Ree8 42. Qb2 Re7 43. Rdd1 Ree8 44. Rd2 Re7 45. Rdd1 1/2-1/2

[Event "45th FIDE Olympiad 2024"]
[Site "Budapest"]
[Date "2024.09.16"]
[Round "6.6"]
[White "Antoniou, Rafail"]
[Black "Kibrom, Weldegebriel Beraki"]
[Result "1-0"]
[WhiteElo "2007"]
[BlackElo "1885"]
[PlyCount "151"]
[EventDate "2024.09.05"]
[EventType "team-tourn"]
[EventCountry "HUN"]
[WhiteTeam "Cyprus"]
[BlackTeam "Eritrea"]
[WhiteTeamCountry "CYP"]
[BlackTeamCountry "ERI"]
[TimeControl "40/5400+30:1800+30"]

1. c4 Nf6 2. Nf3 e6 3. g3 d5 4. Bg2 c6 5. b3 Bd6 6. Bb2 Nbd7 7. d4 O-O 8. O-O Ne4 9. Nbd2 f5 10. Ne1 Nxd2 11. Qxd2 Nf6 12. Nd3 Qe7 13. f3 b6 14. Rac1 Bd7 15. c5 bxc5 16. dxc5 Bc7 17. Be5 Rfc8 18. Qf4 Bxe5 19. Qxe5 Be8 20. e4 Nd7 21. Qd6 Qf6 22. exf5 exf5 23. Rfe1 Qxd6 24. cxd6 Rab8 25. Re7 g6 26. g4 Rd8 27. Rxc6 Nf8 28. Ra6 Bb5 29. Nc5 Bxa6 30. Nxa6 Rb6 31. Rxa7 Rdxd6 32. Nc5 Rdc6 33. Ra5 d4 34. Bf1 Kg7 35. gxf5 gxf5 36. Bd3 f4 37. Be4 Rd6 38. Nd3 Ng6 39. Rc5 Rb8 40. Rc7+ Kh6 41. Nf2 Nf8 42. Kg2 Rbd8 43. Nd3 Ng6 44. a4 Ra6 45. Nc5 Rad6 46. Nd3 Ra6 47. Kf2 Ra5 48. Rc5 Rxc5 49. Nxc5 Ne5 50. Ke2 Rg8 51. a5 Rg2+ 52. Kd1 Rxh2 53. a6 Ra2 54. Na4 d3 55. a7 Ra1+ 56. Kd2 Ra2+ 57. Kc3 Rc2+ 58. Kd4 Rc8 59. a8=Q d2 60. Nb2 Rxa8 61. Bxa8 Nd7 62. Kc3 Kg5 63. Kxd2 Kh4 64. Nd1 Kg3 65. Nc3 Ne5 66. Ne2+ Kf2 67. Nxf4 Nxf3+ 68. Bxf3 Kxf3 69. Nh5 h6 70. b4 Kg4 71. b5 Kxh5 72. b6 Kg4 73. b7 h5 74. b8=Q Kh3 75. Qf4 h4 76. Ke2 1-0

[Event "45th FIDE Olympiad 2024"]
[Site "Budapest"]
[Date "2024.09.16"]
[Round "6.7"]
[White "Sjugirov, Sanan"]
[Black "Erigaisi, Arjun"]
[Result "0-1"]
[ECO "C60"]
[WhiteElo "2644"]
[BlackElo "2778"]
[Annotator "TA"]
[PlyCount "114"]
[EventDate "2024.09.05"]
[EventType "team-tourn"]
[EventCountry "HUN"]
[SourceTitle "playchess.com"]
[Source "ChessBase"]
[SourceQuality "1"]
[WhiteTeam "Hungary"]
[BlackTeam "India"]
[WhiteTeamCountry "HUN"]
[BlackTeamCountry "IND"]
[TimeControl "40/5400+30:1800+30"]

1. e4 e5 2. Nf3 Nc6 3. Bb5 a6 4. Ba4 Nf6 5. O-O d6 6. Re1 Bd7 7. c3 g6 8. d4 Bg7 9. h3 O-O 10. Nbd2 exd4 11. cxd4 Nb4 12. Bxd7 Qxd7 {[%emt 0:00:07] The position is equal.} 13. Qb3 a5 14. a3 Nc6 15. d5 (15. Qxb7 $2 Rfb8 $19) 15... Nb8 16. Qxb7 Na6 17. Qb3 Nc5 18. Qc4 {[%emt 0:02:10] White wants to play e5.} Qa4 19. e5 (19. Qxa4 {simplifies} Nxa4 20. b3 Nc5 21. Ra2) 19... Qxc4 20. Nxc4 dxe5 21. Nfxe5 Nxd5 22. Rd1 Nb6 23. Be3 Nca4 24. Bd4 Rad8 25. Bxb6 (25. Nxa5 $2 Rxd4 26. Rxd4 Bxe5 $19) 25... cxb6 26. Nd7 {[%emt 0:00:01] A dynamic duo of knights.} Rfe8 {[%emt 0:00:26] aiming for ...b5.} (26... Nxb2 $2 27. Nxb2 (27. Ncxb6 $2 Nxd1 28. Rxd1 Rfe8 $19) 27... Bxb2 28. Nxf8 Rxf8 29. Ra2 $18) 27. Ndxb6 (27. Rd6 $1 $15) 27... Nxb6 $17 28. Nxb6 Bxb2 29. Rxd8 Rxd8 $15 {[%emt 0:00:05][%mdl 4096] Endgame. KRB-KRN} 30. Ra2 Rd1+ 31. Kh2 Bd4 32. Nc4 a4 33. g3 Bc5 34. Rc2 (34. Kg2 $142) 34... Rd4 {[%emt 0:00:07] Black is more active.} ({Better is} 34... Ra1 $17 35. Nb2 Ra2 (35... Bxa3 36. Nxa4 Bb4 37. Nb6 $11) 36. Rxc5 Rxb2) 35. Kg2 Kf8 36. Rc3 Ke7 37. Ne5 (37. Na5 $5 Rd5 $8 38. Rc4 $11) 37... Rd5 38. Nd3 Bb6 39. Kf3 Rb5 40. Ke2 Rb3 $1 41. Nb4 Kd7 $1 $17 ({Much worse is} 41... Rxc3 $6 42. Nd5+ Kd6 43. Nxc3 $11) 42. Rd3+ {[%emt 0:00:47] White does not recover from this.} (42. Rc4 $17) 42... Rxd3 $19 43. Nxd3 {[%emt 0:00:04] KB-KN} Kc6 44. Kd2 Bd4 45. f3 Kd5 46. Kc2 Bg7 ({Don't do} 46... Kc4 47. g4 $17) 47. h4 $2 (47. g4 {nothing else works.}) 47... Bf6 {[%emt 0:08:29] ...Kd4 would now be deadly.} 48. Kd2 $2 (48. Nf2 Be7 49. g4) 48... Kc4 49. Kc2 h5 50. g4 hxg4 51. fxg4 Bxh4 52. Ne5+ Kd5 53. Nxf7 Bf6 $1 {[%emt 0:00:00] ( -> ...Ke6)} 54. Kd3 {[%emt 0:01:45] [#]} Ke6 $1 {[%emt 0:00:03] Black mates.} 55. Nh6 Bg5 56. Nf5 gxf5 57. gxf5+ {[%emt 0:00:06] [#]} Kd5 $1 {[%emt 0:00:04] Weighted Error Value: White=0.82/Black=0.10 (very precise) .  Loses game:     	White=1     	---        Mistake:       	White=5     	Black=1      Inaccurate:     	White=2     	Black=1      OK:         	White=15    	Black=21     Best:        	White=1     	Black=4      Strong:       	---       	Black=2} ({Inferior is} 57... Kxf5 58. Kc4 $11) 0-1